 Dungeon Crawl Stone Soup version 0.28.0 (webtiles) character file.

Game seed: 4028339071010065445

68 Jerry the Covered (level 3, -4/31 HPs)
             Began as a Demigod Fighter on Feb 9, 2022.
             Killed by divine providence
             ... invoked by an orc priest
              (12 damage)
             ... on level 3 of the Dungeon.
             The game lasted 00:06:03 (3319 turns).

Jerry the Covered (Demigod Fighter)                 Turns: 3319, Time: 00:06:06

Health: -4/31      AC:  8    Str: 21    XL:     3   Next: 73%
Magic:  5/5        EV:  9    Int: 10    God:
Gold:   185        SH:  4    Dex: 13    Spells: 2/2 levels left

rFire   . . .      SeeInvis .   n - +0 flail (venom)
rCold   . . .      Faith    .   c - +0 buckler
rNeg    . . .      Spirit   .   b - +0 scale mail
rPois   +          Reflect  .   (no helmet)
rElec   +          Harm     .   (no cloak)
rCorr   .          Rampage  .   (no gloves)
Will    +....                   i - +0 pair of boots
Stlth   ..........              (no amulet)
HPRegen 0.10/turn               f - ring of Royalty {rElec rPois Will+}
MPRegen 0.09/turn               (no ring)

@: no status effects
A: high MP 1, forlorn, divine attributes
a: no special abilities


You were on level 3 of the Dungeon.
You visited 1 branch of the dungeon, and saw 3 of its levels.

You collected 185 gold pieces.

Inventory:

Hand Weapons
 j - a +0 whip
 n - a +0 flail of venom (weapon)
Armour
 b - a +0 scale mail (worn)
 c - a +0 buckler (worn)
 i - a +0 pair of boots (worn)
Jewellery
 f - the ring of Royalty (left hand) {rElec rPois Will+}
   (You acquired it on level 2 of the Dungeon)

   [ring of willpower]

   rElec:     It insulates you from electricity.
   rPois:     It protects you from poison.
   Will:      It increases your willpower.
Scrolls
 a - a scroll of immolation {unknown}
 h - 2 scrolls of identify {unknown}
 k - a scroll of amnesia {unknown}
 l - a scroll of magic mapping {unknown}
 m - a scroll of blinking {unknown}
Potions
 d - a potion of might
 e - 2 potions of curing
 g - a potion of degeneration {unknown}


   Skills:
 + Level 3.2 Fighting
 + Level 2.4 Maces & Flails
 + Level 3.2 Armour
 + Level 3.2 Shields


You had 2 spell levels left.
You didn't know any spells.
Your spell library was empty.

Dungeon Overview and Level Annotations

Branches:
Dungeon (3/15)

Shops:
D:3 (


Innate Abilities, Weirdness & Mutations

You have an increased reservoir of magic. (+10% MP)
You shall have no god before yourself.
Your divine heritage dramatically boosts your attributes as you level up.


Message History

You hit the orc.
The orc looks as sick as possible!
The orc is severely wounded.
The orc hits you but does no damage. The orc closely misses you.
You hit the orc.
You kill the orc!
The orc throws a boomerang.
You block the boomerang.
An orc priest comes into view. It is wielding a +0 hand axe.
Things that are here:
a +0 mace; a +0 ring mail; an orc corpse You closely miss the orc priest.
The orc hits you with a +0 trident.
The orc priest hits you but does no damage.
The orc barely misses you.
You closely miss the orc priest.
The orc priest casts a cantrip, but nothing happens.
You block the orc's attack.
The orc priest hits you with a +0 hand axe.
You closely miss the orc priest. The orc misses you.
The orc priest hits you but does no damage.
You hit the orc priest.
The orc priest is poisoned.
The orc priest is moderately wounded.
The orc hits you with a +0 trident.
The orc priest hits you with a +0 hand axe.
The orc hits you with a +0 trident.
* * * LOW HITPOINT WARNING * * *
You barely miss the orc priest.
The orc priest is moderately wounded.
The orc priest closely misses you. The orc hits you but does no damage.
The orc priest closely misses you.
You closely miss the orc priest.
The orc priest is moderately wounded.
The orc hits you but does no damage.
The orc priest looks braver for a moment.
You hit the orc priest but do no damage.
The orc priest looks as sick as possible!
The orc priest is heavily wounded.
The orc hits you with a +0 trident.
* * * LOW HITPOINT WARNING * * *
The orc priest mumbles some strange prayers to Beogh against you.
Beogh smites you!
You die...

#.#.#E#...#E######## #.#.#
++#####.#.###...### #.#
...#..........#..# #..
..............#..#
##.#.##.#.##..#..#
.....<#.#........#
.#.#.##.####..##.#
#.......####..##)#
#..#.##......>##@#
#....##.########oo......
#.####..........o.......
.....+....################
...###....# #.....# ######
...######'## #.....#
#..... ...........#
#.....# #.####
...........# #.....# #.#
###........# #.....# #.#


You could see an orc priest (extremely poisoned) and 2 orcs.

Vanquished Creatures
  An adder (D:2)
  A worm (D:3)
  7 orcs (D:3)
  6 endoplasms
  2 giant cockroaches
  5 goblins
  A quokka (D:2)
  4 ball pythons
  4 bats
  6 frilled lizards
  7 kobolds
  5 rats
49 creatures vanquished.

Notes
Turn   | Place    | Note
-------+----------+-------------------------------------------
     0 | D:1      | Jerry the Demigod Fighter began the quest for the Orb.
     0 | D:1      | Reached XP level 1. HP: 18/18 MP: 3/3
   683 | D:1      | Reached XP level 2. HP: 25/25 MP: 4/4
  1838 | D:2      | Reached XP level 3. HP: 15/31 MP: 5/5
  2431 | D:2      | Identified a scroll of acquirement
  2431 | D:2      | Acquired the ring of Royalty {rElec rPois Will+}
  2629 | D:3      | Noticed a water elemental
  2633 | D:3      | Noticed an earth elemental
  2633 | D:3      | Noticed a fire elemental
  2633 | D:3      | Noticed an air elemental
  2894 | D:3      | Found Pafret's Antique Weapon Boutique.
  3319 | D:3      | Killed from afar by an orc priest

Illustrated notes

Levels and vault maps discovered:
D:1:      dpeg_arrival_water_temple_mockup, layout_basic,
          shapermc_ecumenical_altar_starsandcircs
D:2:      layout_basic
D:3:      layout_basic, kennysheep_vampire_church, amcnicky_altar_gilded,
          nicolae_qazlal_style_of_elements, serial_shops,
          nicolae_shop_overgrown_old_shop

Skill      XL: |  1  2 |
---------------+-------+-----
Maces & Flails | 2 |  2.4
Fighting       | 3 |  3.2
Armour         | 3 |  3.2
Shields        | 3 |  3.2

Action                   || total
-------------------------++-------
Melee: Flail             ||    81
       Whip              ||   126
  Use: Scroll            ||     1
       Potion            ||     1
Armor: Scale mail        ||    84
Dodge: Dodged            ||    95
Block: Buckler           ||    40
